General information
- name: BNet
- type: Ladder 1vs1/FFA
- host: Battle.net
- saver: VELOX_NEB
map: GnollWood
- players: 2
- length: 16:25
- speed: Fast
- version: 1.21 W3XP
- replay type: Public
» download(67 KB)
Players
team 1 (loser)
R]ed[r]Ayne (
yellow | 150 APM | 2466 actions | 16:23)
4 Death Knight
2 Death Coil
1 Unholy Aura
1 Death Pact
2 Lich
1 Frost Nova
1 Dark Ritual
» actions
| Assign group hotkey | 182 | |
| Basic commands | 80 | |
| Build / train | 69 | |
| Enter build submenu | 14 | |
| Enter hero's abilities submenu | 6 | |
| Give item / drop item | 6 | |
| Right click | 1226 | |
| Select / deselect | 297 | |
| Select group hotkey | 514 | |
| Use ability | 72 | |
2466 total
» units
| Acolyte | 12 | |
| Ghoul | 11 | |
| Gargoyle | 3 | |
| Obsidian Statue | 1 | |
27 total
» upgrades
| Ghoul Frenzy | 1 | |
| Destroyer Form | 1 | |
2 total
» buildings
| Crypt | 1 | |
| Altar of Darkness | 2 | |
| Ziggurat | 3 | |
| Tomb of Relics | 1 | |
| Halls of the Dead | 3 | |
| Graveyard | 1 | |
| Black Citadel | 3 | |
| Slaughterhouse | 2 | |
| Spirit Tower | 1 | |
17 total
» build order
00:10 Crypt
00:18 Altar of Darkness
00:23 Altar of Darkness
00:37 Ziggurat
01:05 Tomb of Relics
01:37 Ziggurat
02:54 Halls of the Dead
02:54 Halls of the Dead
02:55 Halls of the Dead
03:27 Ziggurat
03:47 Graveyard
07:55 Black Citadel
07:55 Black Citadel
09:25 Slaughterhouse
10:01 Slaughterhouse
15:41 Spirit Tower
» items
| Rod of Necromancy | 4 | |
| Potion of Healing | 6 | |
| Boots of Speed | 2 | |
| Orb of Corruption | 1 | |
| Scroll of Town Portal | 1 | |
| Potion of Lesser Invulnerability | 1 | |
| Staff of Teleportation | 1 | |
| Potion of Mana | 1 | |
17 total
team 2 (winner)
VELOX_NEB (
red | 95 APM | 1557 actions | 16:25)
3 Far Seer
2 Feral Spirit
1 Chain Lighting
2 Shadow Hunter
1 Hex
1 Healing Wave
» actions
| Assign group hotkey | 35 | |
| Basic commands | 151 | |
| Build / train | 50 | |
| ESC pressed | 3 | |
| Enter build submenu | 16 | |
| Enter hero's abilities submenu | 5 | |
| Remove unit from queue | 3 | |
| Right click | 698 | |
| Select / deselect | 303 | |
| Select group hotkey | 223 | |
| Use ability | 70 | |
1557 total
» units
| Peon | 8 | |
| Grunt | 8 | |
| Troll Batrider | 6 | |
| Troll Headhunter/Berserker | 4 | |
| Demolisher | 1 | |
27 total
» upgrades
» buildings
| Altar of Storms | 1 | |
| Orc Burrow | 5 | |
| Barracks | 2 | |
| Stronghold | 1 | |
| Voodoo Lounge | 1 | |
| Beastiary | 1 | |
| War Mill | 1 | |
| Great Hall | 1 | |
| Watch Tower | 2 | |
| Fortress | 1 | |
16 total
» build order
00:07 Altar of Storms
00:22 Orc Burrow
00:36 Barracks
01:38 Orc Burrow
02:54 Stronghold
02:58 Voodoo Lounge
03:48 Orc Burrow
06:11 Beastiary
06:34 War Mill
08:32 Orc Burrow
09:41 Barracks
11:44 Great Hall
11:50 Watch Tower
11:51 Watch Tower
12:49 Fortress
14:57 Orc Burrow
» items
| Healing Salve | 2 | |
| Scroll of Speed | 1 | |
| Lesser Clarity Potion | 2 | |
| Potion of Healing | 3 | |
| Scroll of Town Portal | 2 | |
10 total
Chat log
(08:00 / All) R]ed[r]Ayne: fool
(08:02 / All) R]ed[r]Ayne: you want to die again?
(08:04 / All) R]ed[r]Ayne: Make it a good game